 Dungeon Crawl Stone Soup version 0.23-a0-550-g7de1f8e (webtiles) character file.

105 Geeful the Sneak (level 4, 0/27 HPs)
             Began as an Octopode Earth Elementalist on Dec 9, 2018.
             Slain by an adder (3 damage)
             ... while paralysed by Grinder
             ... on level 3 of the Dungeon.
             The game lasted 00:11:20 (3545 turns).

Geeful the Sneak (Octopode Earth Elementalist)      Turns: 3545, Time: 00:11:21

Health: 0/27       AC:  1    Str:  7    XL:     4   Next: 81%
Magic:  14/17      EV:  2    Int: 18    God:
Gold:   149        SH:  0    Dex: 17    Spells: 2/8 levels left

rFire    + . .     SeeInvis .   a - +0 short sword
rCold    x . .     Gourm    .   (no shield)
rNeg     . . .     Faith    .   (helmet restricted)
rPois    .         Spirit   .   (no amulet)
rElec    .         Reflect  .   m - ring of magical power
rCorr    .         Harm     .   o - ring of flight
MR       .....                  p - ring of fire
Stlth    +++++.....             (no ring)
HPRegen  0.09/turn              (no ring)
MPRegen  0.15/turn              (no ring)
                                (no ring)
                                (no ring)

@: paralysed, agile, hasted
A: almost no armour, stealthy swim, amphibious, 8 rings, constrict 8, camouflage
1, gelatinous body 1
a: Evoke Flight


You were on level 3 of the Dungeon.
You were not hungry.

You visited 1 branch of the dungeon, and saw 3 of its levels.

You collected 149 gold pieces.

Inventory:

Hand Weapons
 a - a +0 short sword (weapon)
Missiles
 b - 147 stones (quivered)
 l - 3 curare-tipped needles
 n - 16 poisoned needles
Armour
 t - a +0 shield
Jewellery
 m - a ring of magical power (left tentacle)
 o - a ring of flight (right tentacle)
 p - a ring of fire (on tentacle)
Scrolls
 f - 2 scrolls of remove curse
 g - 5 scrolls of teleportation
 h - 4 scrolls of identify
 k - 4 scrolls of enchant armour
 r - a scroll of magic mapping
Potions
 d - 2 potions of curing
 i - a potion of lignification
 s - a potion of mutation
Comestibles
 c - 3 rations


   Skills:
 + Level 2.8 Dodging
 + Level 4.1 Stealth
 + Level 2.8 Spellcasting
 - Level 1.0 Transmutations
 + Level 3.7 Earth Magic


You had 2 spell levels left.
You knew the following spells:

 Your Spells              Type           Power        Failure   Level  Hunger
a - Sandblast             Erth           ###...       3%          1    None
b - Passwall              Tmut/Erth      ##......     10%         2    ##.....
c - Stone Arrow           Conj/Erth      #.....       22%         3    ###....

Your spell library contained the following spells:

 Spells                   Type           Power        Failure   Level  Hunger
 Confusing Touch          Hex            #.....       17%         1    None
 Confuse                  Hex            #.......     45%         3    ###....
 Gell's Gravitas          Tloc           #.........   45%         3    ###....
 Petrify                  Tmut/Erth      ##......     52%         4    ####...
 Lee's Rapid Deconstruct  Erth           ###.......   69%         5    ######.
 Yara's Violent Unravell  Hex/Tmut       #.........   98%         5    ######.
 Metabolic Englaciation   Hex/Ice        #.........   99%         5    ######.


Dungeon Overview and Level Annotations

Branches:
Dungeon (3/15)

Altars:
Fedhas

Annotations:
D:3 2 exclusions, Grinder


Innate Abilities, Weirdness & Mutations

You cannot wear most types of armour.
You are very stealthy in the water. (Stealth+)
You are amphibious.
You can wear up to eight rings at the same time.
You can use your tentacles to constrict eight enemies at once.
Your skin changes colour to match your surroundings (Stealth+).
Your rubbery body absorbs attacks. (AC +1, EV +1)


Message History

You constrict Grinder. Grinder hits you!
You writhe in agony.
* * * LOW HITPOINT WARNING * * *
Casting: Sandblast (safe; 3% risk of failure)
Confirm with . or Enter, or press ? or * to list all spells.
Aiming: Sandblast (safe; 3% risk of failure)
Press: ? - help, Shift-Dir - straight line, f/p - Grinder
Aim: Grinder (heavily wounded, constricted by you)
The blast of sand hits Grinder.
Grinder is severely wounded.
b - 147 stones You constrict Grinder, but do no damage.
The adder misses you. Grinder gestures at you.
You suddenly lose the ability to move!
You lose your grip on Grinder.
The adder bites you but does no damage. Grinder hits you.
* * * LOW HITPOINT WARNING * * *
You writhe in agony.
* * * LOW HITPOINT WARNING * * *
The adder bites you.
You die...

#...........# ###### #.........
#.#########.# #####.........
............########.............
#.############.......############
#.#.............P.P..#
#.#.###########.._..## #.#.#
#<#.P.P.# #.#.# #.#.....# #.#.#
#.##@..## #.#.# #.##5S## #.#.#
#.##.## #.#.# #.##.# #.#.# #.##.#
#.#.# #.##.# #.#.#########.##.#
#.#..............#
#.............##.#


You could see Grinder and an adder.

Vanquished Creatures
  An adder (D:3)
  An adder skeleton (D:3)
  2 dart slugs (D:2)
  A leopard gecko (D:3)
  An orc (D:3)
  4 giant cockroaches
  11 goblins
  14 hobgoblins
  5 jackals
  A ball python (D:1)
  9 bats
  6 frilled lizards
  10 kobolds
  11 rats
77 creatures vanquished.

Notes
Turn   | Place    | Note
-------+----------+-------------------------------------------
     0 | D:1      | Geeful the Octopode Earth Elementalist began the quest for
                  | the Orb.
     0 | D:1      | Reached XP level 1. HP: 11/11 MP: 3/3
   315 | D:1      | Reached skill level 3 in Stealth
   335 | D:1      | Reached XP level 2. HP: 10/17 MP: 0/5
  1053 | D:1      | Reached XP level 3. HP: 16/21 MP: 3/6
  1482 | D:2      | Found a faded altar of an unknown god.
  1930 | D:2      | Learned a level 2 spell: Passwall
  1934 | D:2      | Learned a level 3 spell: Stone Arrow
  1999 | D:2      | Reached XP level 4. HP: 25/27 MP: 7/7
  2236 | D:3      | Noticed Grinder
  2482 | D:3      | Reached skill level 4 in Stealth
  3233 | D:3      | Found a blossoming altar of Fedhas.
  3543 | D:3      | Paralysed by Grinder for 3 turns
  3545 | D:3      | Slain by an adder

Vault maps used:
D:1:      giann_forest_graveyard, minmay_misc_feat_enclosed
D:2:      chequers_ecumenical_altar_simple
D:3:      wad_river_or_something, fedhas_altar_1, uniq_grinder

Skill      XL: |  1  2  3  4 |
---------------+-------------+-----
Stealth        | 3 4 |  4.1
Dodging        | |  2.8
Spellcasting   | |  2.8
Transmutations | |  1.0
Earth Magic    | |  3.7

Action                   |  1- 3 |  4- 6 || total
-------------------------+-------+-------++-------
Melee: Short sword       |    86 |    73 ||   159
       Unarmed           |     6 |       ||     6
       Constrict         |    24 |    24 ||    48
       Tentacles         |    17 |    10 ||    27
 Cast: Sandblast         |     9 |     5 ||    14
  Use: Scroll            |     6 |     2 ||     8
       Potion            |       |     2 ||     2
 Stab: Sleeping          |    12 |     9 ||    21
  Eat: Chunk             |     3 |     5 ||     8
Armor: Skin              |    11 |    13 ||    24
Dodge: Dodged            |    66 |    71 ||   137

Table legend:
 A = Non-vault XP
 B = Vault XP
 C = Vault XP percentage of total XP
 D = Non-vault monster count
 E = Vault monster count
 F = Vault count percentage of total count
                 A         B        C        D         E       F
            +---------+---------+-------+---------+---------+-------
      Total |     120 |      30 |  20.0 |      69 |       8 |  10.4
            +---------+---------+-------+---------+---------+-------
        D:1 |      50 |       0 |   0.0 |      31 |       0 |   0.0
        D:2 |      35 |       0 |   0.0 |      19 |       0 |   0.0
        D:3 |      35 |      30 |  46.2 |      19 |       8 |  29.6
            +---------+---------+-------+---------+---------+-------
